 Dungeon Crawl Stone Soup version 0.28-a0-503-g83f2989fac (webtiles) character file.

Game seed: 13383082760419381513

316 bande the Skirmisher (level 6, -7/41 HPs)
             Began as a Gargoyle Fighter on Sept 21, 2021.
             Mangled by an orc (20 damage)
             ... on level 3 of the Dungeon.
             The game lasted 00:11:30 (3263 turns).

bande the Skirmisher (Gargoyle Fighter)             Turns: 3263, Time: 00:11:40

Health: -7/41      AC: 19    Str: 20    XL:     6   Next: 44%
Magic:  6/6        EV:  6    Int:  8    God:
Gold:   1063       SH:  5    Dex: 13    Spells: 5/5 levels left

rFire   . . .      SeeInvis .   a - +1 war axe
rCold   . . .      Faith    .   c - +0 buckler
rNeg    + . .      Spirit   .   h - +0 plate armour
rPois   ∞          Reflect  .   s - +2 helmet
rElec   +          Harm     .   (no cloak)
rCorr   .          Rampage  .   (no gloves)
Will    .....                   (no boots)
Stlth   ..........              (no amulet)
HPRegen 0.13/turn               (no ring)
MPRegen 0.10/turn               (no ring)

@: no status effects
A: sickness immunity, AC +4, negative energy resistance 1, electricity
resistance, torment resistance 1, petrification resistance, agile 1, robust 1,
devolution 1
a: no special abilities


You were on level 3 of the Dungeon.
You visited 1 branch of the dungeon, and saw 4 of its levels.
You also visited: Ossuary.

You collected 1063 gold pieces.

Inventory:

Hand Weapons
 a - a +1 war axe (weapon)
Armour
 c - a +0 buckler (worn)
 f - a +0 kite shield
 h - a +0 plate armour (worn)
 s - a +2 helmet (worn)
Wands
 b - a wand of iceblast (7)
 r - a wand of charming (8)
Scrolls
 k - a scroll of teleportation
 l - a scroll of fear
Potions
 d - a potion of might
 e - 2 potions of curing
 g - a potion of resistance {unknown}
 i - a potion of flight {unknown}
 j - a potion of brilliance {unknown}
 n - a potion of lignification {unknown}
 o - a potion of ambrosia {unknown}
 p - 2 potions of berserk rage
 q - a potion of magic {unknown}
 t - a potion of invisibility {unknown}
 v - 2 potions of mutation


   Skills:
 + Level 4.2 Fighting
 + Level 4.2 Axes
 + Level 4.2 Armour
 - Level 0.2 Dodging
 - Level 0.1 Stealth
 + Level 3.9 Shields
 * Level 1.4 Evocations


You had 5 spell levels left.
You didn't know any spells.
Your spell library contained the following spells:

 Spells                   Type           Power      Damage    Failure   Level
 Animate Skeleton         Necr           0%         N/A       100%        1
 Pain                     Necr           0%         1d4       100%        1
 Ensorcelled Hibernation  Hex/Ice        0%         N/A       100%        2
 Spider Form              Tmut/Pois      0%         N/A       100%        3
 Vampiric Draining        Necr           0%         2d6       100%        3


Dungeon Overview and Level Annotations

Branches:
Dungeon (4/15)            Ossuary (visited)
 Temple: D:4-7

Altars:


Innate Abilities, Weirdness & Mutations

You are immune to sickness and miasma.
Your stone body is resilient. (AC +4)
You are immune to poison.
You resist negative energy. (rN+)
You are resistant to electric shocks. (rElec)
You are resistant to unholy torment.
You are immune to petrification.
You are agile. (Dex +2)
You are robust. (+10% HP)
You have hidden genetic defects.


Message History

The hobgoblin completely misses you.
You slash the hobgoblin!
You kill the hobgoblin!
The orc priest invokes the aid of Beogh against you.
Beogh smites you!
You are too injured to fight recklessly!
You are too injured to fight recklessly!
You are too injured to fight recklessly!
You are too injured to fight recklessly!
You are too injured to fight recklessly!
You are too injured to fight recklessly!
You are too injured to fight recklessly!
You are too injured to fight recklessly!
You are too injured to fight recklessly!
Unknown command.
You barely miss the orc priest. You closely miss the orc.
You block the orc's attack. The orc priest hits you with a +0 whip.
* * * LOW HITPOINT WARNING * * *
The orc hits you but does no damage. Space warps horribly around you!
* * * LOW HITPOINT WARNING * * *
Unknown command.
You closely miss the orc priest. You hit the orc but do no damage.
You hit the orc.
The orc is moderately wounded.
You slash the orc!
You kill the orc!
You hit the orc. The orc hits you but does no damage. Space bends around you.
* * * LOW HITPOINT WARNING * * *
The orc barely misses you.
Unknown command.
You feel better.
The orc priest hits you but does no damage.
You block the orc's attack. The orc hits you but does no damage. x2
It was a potion of mutation.
You feel extremely strange.
You feel agile.
You feel a hidden malignance growing inside you.
You feel robust.
The orc priest hits you but does no damage.
The orc hits you but does no damage. Space warps horribly around you!!
You die...

#......># #.......#
#.......# #.......#
#####.......#
#...........#
#.......###.#####..
#.......# #.o......
#.......# #@o......
######### #oo......
##....... .....##
.....# .....#
######


You could see an orc priest and 3 orcs.

Vanquished Creatures
  Sigmund (D:2)
  An orc wizard (D:3)
  A mummy (Ossuary)
  Robin (D:2)
  A dart slug (D:2)
  4 orcs (D:3)
  2 spectral bats (Ossuary)
  7 bats
  5 endoplasms
  A giant cockroach (D:1)
  10 goblins (D:1)
  7 hobgoblins
  3 jackals (D:1)
  5 kobolds
  A quokka (D:1)
  9 ball pythons
  A bat simulacrum (Ossuary)
  2 frilled lizards
  12 gnoll zombies (Ossuary)
  4 goblin simulacra (Ossuary)
  4 goblin zombies (Ossuary)
  4 hobgoblin zombies (Ossuary)
  2 kobold simulacra (Ossuary)
  5 kobold zombies (Ossuary)
  5 orc zombies (Ossuary)
  2 rats
  2 rat simulacra (Ossuary)
  3 spectral kobolds (Ossuary)
  3 spectral rats (Ossuary)
108 creatures vanquished.

Notes
Turn   | Place    | Note
-------+----------+-------------------------------------------
     0 | D:1      | bande the Gargoyle Fighter began the quest for the Orb.
     0 | D:1      | Reached XP level 1. HP: 14/14 MP: 1/1
    24 | D:1      | Found a faded altar of an unknown god.
   253 | D:1      | Reached XP level 2. HP: 15/19 MP: 2/2
   882 | D:1      | Reached XP level 3. HP: 23/23 MP: 3/3
  1029 | D:2      | You fall into a shaft and drop 2 floors!
  1038 | D:4      | Found a sand-covered staircase.
  1043 | Ossuary  | Entered an ossuary
  1247 | Ossuary  | Reached XP level 4. HP: 20/29 MP: 4/4
  1768 | D:2      | Noticed Robin
  1974 | D:2      | Noticed Sigmund
  1979 | D:2      | Killed Robin
  1980 | D:2      | Reached XP level 5. HP: 33/33 MP: 5/5
  2122 | D:2      | Killed Sigmund
  2123 | D:2      | Reached skill level 1 in Evocations
  2123 | D:2      | Reached XP level 6. HP: 23/38 MP: 6/6
  2305 | D:2      | Identified a scroll of acquirement
  2305 | D:2      | Acquired 988 gold pieces
  3263 | D:3      | Gained mutation: You are agile. (Dex +2) [potion of
                  | mutation]
  3263 | D:3      | Gained mutation: You have hidden genetic defects. [potion
                  | of mutation]
  3263 | D:3      | Gained mutation: You are robust. (+10% HP) [potion of
                  | mutation]
  3263 | D:3      | Mangled by an orc

Illustrated notes

Levels and vault maps discovered:
D:1:      moated_graveyard_arrival, layout_loops_ring,
          chequers_ecumenical_altar_island
D:2:      layout_rooms, minmay_unequal, uniq_robin, uniq_sigmund
D:3:      layout_basic, mainiacjoe_overflow_paths, kennysheep_another_room,
          uniq_ijyb
D:4:      layout_layer_cave, minmay_temple_entry_mini_moons, enter_ossuary_2

Skill      XL: |  1  2  3  4  5 |
---------------+----------------+-----
Axes           | 2 3 4 |  4.2
Armour         | 4 |  4.2
Fighting       | 4 |  4.2
Evocations     | 1 |  1.4
Dodging        | |  0.2
Stealth        | |  0.1
Shields        | |  3.9

Action                   |  1- 3 |  4- 6 || total
-------------------------+-------+-------++-------
Melee: War axe           |   141 |   155 ||   296
  Use: Scroll            |     2 |    12 ||    14
       Potion            |       |     2 ||     2
Armor: Scale mail        |    47 |       ||    47
       Plate armour      |    39 |   154 ||   193
Dodge: Dodged            |    63 |    45 ||   108
Block: Buckler           |    35 |    46 ||    81

Table legend: (Time is in decaauts)
 A = Elapsed time spent in this place.
 B = Non-inter-level travel time spent in this place.
 C = Inter-level travel time spent in this place.
 D = Time resting spent in this place.
 E = Time spent auto-exploring this place.
 F = Levels seen in this place.
 G = Mean time per level.
                   A        B        C        D        E       F      G
               +--------+--------+--------+--------+--------+-----+--------+
         Total |   3384 |   3384 |      0 |    756 |   1556 |   5 |  676.8 |
       Dungeon |   2803 |   2803 |      0 |    684 |   1349 |   4 |  700.8 |
       Ossuary |    581 |    581 |      0 |     72 |    207 |   1 |  581.0 |
               +--------+--------+--------+--------+--------+-----+--------+

Top non-repeatable levels by time:
     D:1: 1511 daAuts
     D:3: 625 daAuts
 Ossuary: 581 daAuts
     D:2: 539 daAuts
     D:4: 128 daAuts
